 Dungeon Crawl Stone Soup version 0.31-a0-150-g89dc3ad700 (webtiles) character file.

Game seed: 1182646932963252863

21 pokeman the Magician (level 2, -4/16 HPs)
             Began as a Deep Elf Hedge Wizard on June 8, 2023.
             Killed by nerve-wracking pain
             ... invoked by Jessica
              (7 damage)
             ... on level 2 of the Dungeon.
             The game lasted 00:01:17 (1077 turns).

pokeman the Magician (Deep Elf Hedge Wizard)        Turns: 1077, Time: 00:01:18

Health: -4/16      AC:  2    Str:  7    XL:     2   Next: 62%
Magic:  7/9        EV: 12    Int: 18    God:
Gold:   43         SH:  0    Dex: 14    Spells: 9/10 levels left

rFire   . . .        a - +0 dagger
rCold   . . .        (no shield)
rNeg    . . .        b - +0 robe
rPois   .            c - +0 hat
rElec   .            (no cloak)
rCorr   .            (no gloves)
SInv    .            (no boots)
Will    .....        h - amulet of magic regeneration
Stlth   ++           (no ring)
HPRegen 0.22/turn    (no ring)
MPRegen 0.51/turn

%: no passive effects
@: no status effects
A: no striking features
a: no special abilities


You were on level 2 of the Dungeon.
You visited 1 branch of the dungeon, and saw 2 of its levels.

You collected 43 gold pieces.

Inventory:

Hand Weapons
 a - a +0 dagger (weapon)
Armour
 b - a +0 robe (worn)
 c - a +0 hat (worn)
Jewellery
 h - an amulet of magic regeneration (around neck)
 i - a ring of ice
Scrolls
 e - a scroll of amnesia {unknown}
 g - 3 scrolls of enchant weapon {unknown}
 j - a scroll of blinking {unknown}
Potions
 d - a potion of magic
 f - a potion of curing {unknown}
 k - a potion of heal wounds {unknown}


   Skills:
 + Level 0.5 Fighting
 + Level 0.6 Armour
 - Level 2.4 Dodging
 - Level 2.4 Stealth
 * Level 4.9 Spellcasting
 + Level 1.6 Conjurations
 - Level 1.1 Summonings
 - Level 1.1 Translocations


You had 9 spell levels left.
You knew the following spells:

 Your Spells              Type           Power      Damage    Failure   Level
a - Magic Dart            Conj           40%        1d5       7%          1

Your spell library contained the following spells:

 Spells                   Type           Power      Damage    Failure   Level
 Apportation              Tloc           16%        N/A       9%          1
 Summon Small Mammal      Summ           32%        N/A       9%          1
 Blink                    Tloc           16%        N/A       13%         2
 Call Imp                 Summ           16%        N/A       13%         2
 Necrotise                Necr           16%        1d4       14%         1
 Slow                     Hex            16%        N/A       14%         1
 Cigotuvi's Dreadful Rot  Necr/Pois/Air  8%         N/A       21%         2
 Mephitic Cloud           Conj/Pois/Air  6%         N/A       32%         3
 Manifold Assault         Tloc           8%         N/A       63%         4
 Disjunction              Tloc           4%         N/A       100%        8


Dungeon Overview and Level Annotations

Branches:
Dungeon (2/15)

Altars:

Annotations:
D:2 Jessica


Message History

Confirm with . or Enter, or press ? or * to list all spells.
You can't see any susceptible monsters within range! (Use Z to cast anyway.) Unknown command.
Casting: Magic Dart (safe; 7% risk of failure)
Confirm with . or Enter, or press ? or * to list all spells.
You can't see any susceptible monsters within range! (Use Z to cast anyway.) Unknown command.
Magic restored.
k - a fuming grey potion Jessica the Apprentice Sorceress comes into view.
She is wielding a +0 dagger and carrying a wand of flame (17).
Casting: Magic Dart (safe; 7% risk of failure)
Confirm with . or Enter, or press ? or * to list all spells.
Aiming: Magic Dart (safe; 7% risk of failure)
Press: ? - help, Shift-Dir - straight line, f - Jessica
Aim: Jessica, wielding a +0 dagger, wearing a +0 robe and carrying a wand of flame (17) (asleep, 100% to hit)
The magic dart hits Jessica.
Jessica is moderately wounded.
Jessica shouts!
Jessica drinks a potion.
Jessica seems to speed up.
Casting: Magic Dart (safe; 7% risk of failure)
Confirm with . or Enter, or press ? or * to list all spells.
Aiming: Magic Dart (safe; 7% risk of failure)
Press: ? - help, Shift-Dir - straight line, f/p - Jessica
Aim: Jessica, wielding a +0 dagger, wearing a +0 robe and carrying a wand of flame (17) (moderately wounded, fast, 100% to hit)
The magic dart hits Jessica.
Jessica is severely wounded.
Casting: Magic Dart (safe; 7% risk of failure)
Confirm with . or Enter, or press ? or * to list all spells.
Aiming: Magic Dart (safe; 7% risk of failure)
Press: ? - help, Shift-Dir - straight line, f/p - Jessica
Aim: Jessica, wielding a +0 dagger, wearing a +0 robe and carrying a wand of flame (17) (severely wounded, fast, 100% to hit)
The magic dart hits Jessica.
Jessica is almost dead.
Jessica zaps a wand.
The puff of flame hits you!
Ouch! That really hurt!
* * * LOW HITPOINT WARNING * * *
A rat comes into view.
Jessica casts a spell at you. Pain shoots through your body!
You die...

######## ######....@.#
## ##.......###.#...#
#####.....##.#.......#
#.........##...#@#...#
#.###..<..##.###.##.##
#.####.....†.# .# .#
#.##....###.... .r .
#.##.##.# ##### .# #
#.......# .#


You could see Jessica (fast) and a rat.

Vanquished Creatures
  2 ball pythons (D:1)
  3 bats (D:1)
  3 endoplasms (D:1)
  A giant cockroach (D:1)
  2 goblins (D:1)
  3 quokkas
  2 kobolds (D:1)
  A rat (D:1)
17 creatures vanquished.

Notes
Turn   | Place    | Note
-------+----------+-------------------------------------------
     0 | D:1      | pokeman the Deep Elf Hedge Wizard began the quest for the
                  | Orb.
     0 | D:1      | Reached XP level 1. HP: 10/10 MP: 7/7
   409 | D:1      | Reached XP level 2. HP: 15/15 MP: 4/9
   902 | D:1      | Got the Guide on the Infected Tesseract
  1067 | D:2      | Noticed Jessica
  1077 | D:2      | Killed from afar by Jessica

Illustrated notes

Levels and vault maps discovered:
D:1:      wander_arrival_desolate, layout_loops_cross, st_stairs_12
D:2:      layout_loops_cross, shapermc_ecumenical_altar_pompeii, uniq_robin,
          uniq_jessica

Action                     || total
---------------------------++-------
   Cast: Magic Dart        ||    54
 Armour: Robe              ||     2
  Dodge: Dodged            ||     6

Table legend: (Time is in decaauts)
 A = Elapsed time spent in this place.
 B = Non-inter-level travel time spent in this place.
 C = Inter-level travel time spent in this place.
 D = Time resting spent in this place.
 E = Time spent auto-exploring this place.
 F = Levels seen in this place.
 G = Mean time per level.
                   A        B        C        D        E       F      G
               +--------+--------+--------+--------+--------+-----+--------+
         Total |   1076 |   1052 |     24 |      0 |    945 |   2 |  538.0 |
       Dungeon |   1076 |   1052 |     24 |      0 |    945 |   2 |  538.0 |
               +--------+--------+--------+--------+--------+-----+--------+

Top non-repeatable levels by time:
     D:1: 1032 daAuts
     D:2: 44 daAuts
